 Dungeon Crawl Stone Soup version 0.31.0-12-g77e489cdc1 (webtiles) character file.

Game seed: 1464975616713635852

78 spaghetti the Trooper (level 4, -24/37 HPs)
             Began as a Human Artificer on Feb 18, 2024.
             Killed by an exploding frilled lizard (32 damage)
             ... ignited by their inner flame
             ... on level 2 of the Dungeon.
             The game lasted 00:01:57 (989 turns).

spaghetti the Trooper (Human Artificer)              Turns: 989, Time: 00:01:58

Health: -24/37     AC:  4    Str: 14    XL:     4   Next: 36%
Magic:  4/4        EV: 11    Int: 12    God:
Gold:   134        SH:  0    Dex: 13    Spells: 3/3 levels left

rFire   . . .        g - +2 spear (venom)
rCold   . . .        (no shield)
rNeg    . . .        b - +0 leather armour
rPois   .            j - +0 helmet
rElec   .            (no cloak)
rCorr   .            (no gloves)
SInv    .            (no boots)
Will    .....        (no amulet)
Stlth   +            (no ring)
HPRegen 0.26/turn    (no ring)
MPRegen 0.09/turn

%: no passive effects
@: attractive
A: explore regen
a: no special abilities


You were on level 2 of the Dungeon.
You visited 1 branch of the dungeon, and saw 2 of its levels.

You collected 134 gold pieces.

Inventory:

Hand Weapons
 a - a +0 club
 g - a +2 spear of venom (weapon)
Armour
 b - a +0 leather armour (worn)
 j - a +0 helmet (worn)
Jewellery
 i - a ring of protection from cold
Wands
 c - a wand of flame (15)
 d - a wand of charming (15)
 e - a wand of iceblast (5)
Scrolls
 f - 4 scrolls of identify {unknown}
 l - a scroll of teleportation {unknown}


   Skills:
 + Level 4.1 Fighting
 - Level 2.0 Armour
 - Level 1.0 Dodging
 - Level 1.0 Stealth
 - Level 3.0 Evocations


You had 3 spell levels left.
You didn't know any spells.
Your spell library contained the following spells:

 Spells                   Type           Power      Damage    Failure   Level
 Mercury Vapours          Alch/Air       0%         N/A       52%         2
 Mephitic Cloud           Conj/Alch/Air  0%         N/A       77%         3
 Freezing Cloud           Conj/Ice/Air   0%         6-21      100%        5


Dungeon Overview and Level Annotations

Branches:
Dungeon (2/15)

Altars:


Innate Abilities, Weirdness & Mutations

You regain HP and MP as you explore.


Message History

The adder is lightly wounded.
You feel sick. The adder bites you. The iguana bites you!
The frilled lizard bites you but does no damage.
The adder bites you.
You are too injured to fight recklessly!
You are too injured to fight recklessly!
You are too injured to fight recklessly!
You are too injured to fight recklessly!
You are too injured to fight recklessly!
You are too injured to fight recklessly!
You are too injured to fight recklessly!
You are too injured to fight recklessly!
You are too injured to fight recklessly!
There are monsters nearby!
There are monsters nearby!
Unknown command.
You feel sick.
It was a potion of attraction.
You feel attractive to monsters.
You feel sick.
You are no longer poisoned.
The frilled lizard bites you.
As you read the scroll labelled PORUMA TUFUST, it crumbles to dust.
The creatures around you are filled with an inner flame!
It was a scroll of immolation.
The frilled lizard bites you but does no damage.
Okay, then.
As you read the scroll labelled ZAANAY JUWO, it crumbles to dust.
Your body is wracked with pain!
* * * LOW HITPOINT WARNING * * *
The adder convulses!
Flame seeps out of the adder.
The iguana convulses!
Flame seeps out of the iguana.
It was a scroll of torment.
The adder is engulfed in blazing flames.
The adder explodes!
The fiery explosion engulfs the frilled lizard!!!
The fiery explosion engulfs the iguana!!!
The iguana explodes!
The frilled lizard explodes!
The fiery explosion engulfs you!!
Ouch! That really hurt!
You die...

.# .# <# #.# .. .#
####○#####. #.@§○§.....
##### #.##§##.##. ....#
#.# ... ...# #.# ###.#
###.######### #.#####.#
......>.....###........
.##.#.#...........#####
.##.#.#.....####.##
....#.#.....# #.#


There were no monsters in sight!

Vanquished Creatures
  An iguana (D:2)
  2 adders (D:2)
  3 gnolls (D:2)
  A ribbon worm (D:2)
  A dart slug (D:1)
  A ball python (D:1)
  2 endoplasms
  2 giant cockroaches (D:1)
  3 goblins
  A hobgoblin (D:2)
  4 jackals (D:1)
  A quokka (D:2)
  6 bats
  6 frilled lizards
  2 kobolds
  A rat (D:1)
37 creatures vanquished.

Notes
Turn   | Place    | Note
-------+----------+-------------------------------------------
     0 | D:1      | spaghetti the Human Artificer began the quest for the Orb.
     0 | D:1      | Reached XP level 1. HP: 15/15 MP: 1/1
   148 | D:1      | Reached skill level 2 in Fighting
   148 | D:1      | Reached XP level 2. HP: 22/22 MP: 2/2
   345 | D:1      | Reached XP level 3. HP: 28/28 MP: 3/3
   615 | D:2      | Reached skill level 3 in Fighting
   629 | D:2      | Reached XP level 4. HP: 16/37 MP: 4/4
   805 | D:2      | Reached skill level 4 in Fighting
   989 | D:2      | Killed by an exploding frilled lizard... ignited by their
                  | inner flame

Illustrated notes

Levels and vault maps discovered:
D:1:      evilmike_arrival_home_sweet_home, layout_rooms
D:2:      layout_loops_cross, uniq_sigmund

Skill      XL: |  1  2  3  4 |
---------------+-------------+-----
Fighting       | 2 3 4 |  4.1
Armour         | |  2.0
Dodging        | |  1.0
Stealth        | |  1.0
Evocations     | |  3.0

Action                     |  1- 3 |  4- 6 || total
---------------------------+-------+-------++-------
  Melee: Club              |    11 |       ||    11
         Spear             |    56 |    31 ||    87
    Use: Scroll            |       |     2 ||     2
         Potion            |       |     1 ||     1
   Stab: Sleeping          |     3 |       ||     3
         Distracted        |     1 |       ||     1
 Armour: Leather armour    |    41 |    21 ||    62
  Dodge: Dodged            |    58 |    11 ||    69
